ESL (28 & UNDER)
NEWARK BULLDOGS @ WILMINGTON REBELS
04/12/2028
 
TOP OF THE 1ST
Newark Bulldogs batting - Pitching for Wilmington Rebels : LHP Roberto Barrón
Pitching: LHP Roberto Barrón
Batting: LHB Gerardo Guzmán 0-0: Called Strike
0-1: Ball
1-1: Foul Ball, location: 2F
1-2: Fly out, F8 (Flyball, 8RD)
Batting: RHB Wilson Flores 0-0: Called Strike
0-1: Bunt for hit - play at first, batter OUT! 1-3
Batting: RHB Tony Long 0-0: SOLO HOME RUN (Flyball, 7LD), Distance : 381 ft
Batting: RHB Randy Simons 0-0: Fly out, F8 (Flyball, 8LD)
Top of the 1st over - 1 run(s), 1 hit(s), 0 error(s), 0 left on base; Newark 1 - Wilmington 0
BOTTOM OF THE 1ST
Wilmington Rebels batting - Pitching for Newark Bulldogs : RHP Gonzalo Benetti
Pitching: RHP Gonzalo Benetti
Batting: LHB Larry Smith 0-0: Foul Ball, location: 2F
0-1: Foul Ball, location: 2F
0-2: Ball
1-2: SINGLE (Flyball, 7S)
Batting: LHB Jim Clemente 0-0: Called Strike
0-1: Swinging Strike
0-2: Foul Ball, location: 2F
0-2: Strikes out looking
Batting: RHB Remi Eruzione 0-0: Ball
1-0: Ball
2-0: Ball
3-0: Called Strike
3-1: Foul Ball, location: 2F
3-2: Base on Balls
Larry Smith to second
Batting: RHB Eugene Allen 0-0: Ball
1-0: Grounds into double play, 5-4-3 (Groundball, 5)
Bottom of the 1st over - 0 run(s), 1 hit(s), 0 error(s), 1 left on base; Newark 1 - Wilmington 0
TOP OF THE 2ND
Newark Bulldogs batting - Pitching for Wilmington Rebels : LHP Roberto Barrón
Batting: LHB Gabriel Aragón 0-0: Foul Ball, location: 2F
0-1: Ball
1-1: Swinging Strike
1-2: Ball
2-2: Ground out 1-3 (Groundball, 13)
Batting: RHB Joe Baker 0-0: Ball
1-0: Called Strike
1-1: Called Strike
1-2: Strikes out swinging
Batting: LHB Iván Vázquez 0-0: Ball
1-0: Foul Ball, location: 2F
1-1: Ball
2-1: Ball
3-1: Base on Balls
Batting: LHB Wes Thompson 0-0: Called Strike
0-1: Called Strike
0-2: Strikes out swinging
Top of the 2nd over - 0 run(s), 0 hit(s), 0 error(s), 1 left on base; Newark 1 - Wilmington 0
BOTTOM OF THE 2ND
Wilmington Rebels batting - Pitching for Newark Bulldogs : RHP Gonzalo Benetti
Batting: RHB Al Reese 0-0: Ball
1-0: Called Strike
1-1: Swinging Strike
1-2: Ball
2-2: Ball
3-2: Strikes out swinging
Batting: RHB Jessie Thompson 0-0: Fly out, F5 (Line Drive, 5S)
Batting: RHB Sergio Moreno 0-0: Ball
1-0: Ball
2-0: Ball
3-0: Base on Balls
Batting: RHB Henry Dawson 0-0: Called Strike
0-1: Foul Ball, location: 2F
0-2: Foul Ball, location: 2F
0-2: Strikes out swinging
Bottom of the 2nd over - 0 run(s), 0 hit(s), 0 error(s), 1 left on base; Newark 1 - Wilmington 0
TOP OF THE 3RD
Newark Bulldogs batting - Pitching for Wilmington Rebels : LHP Roberto Barrón
Batting: LHB John Clark 0-0: Called Strike
0-1: Foul Ball, location: 2F
0-2: Ball
1-2: Ball
2-2: Strikes out swinging
Batting: LHB Gerardo Guzmán 0-0: Ball
1-0: Foul Ball, location: 2F
1-1: Foul Ball, location: 2F
1-2: Ball
2-2: Strikes out looking
Batting: RHB Wilson Flores 0-0: Foul Ball, location: 2F
0-1: Ball
1-1: Called Strike
1-2: Ball
2-2: Foul Ball, location: 2F
2-2: Ball
3-2: Fly out, F9 (Flyball, 89S)
Top of the 3rd over - 0 run(s), 0 hit(s), 0 error(s), 0 left on base; Newark 1 - Wilmington 0
BOTTOM OF THE 3RD
Wilmington Rebels batting - Pitching for Newark Bulldogs : RHP Gonzalo Benetti
Batting: RHB Andrew Deal 0-0: Ground out 6-3 (Groundball, 56)
Batting: LHB Larry Smith 0-0: Called Strike
0-1: Ball
1-1: Ball
2-1: Ground out U3 (Groundball, 3S)
Batting: LHB Jim Clemente 0-0: Ball
1-0: Called Strike
1-1: Foul Ball, location: 2F
1-2: Ball
2-2: Strikes out looking
Bottom of the 3rd over - 0 run(s), 0 hit(s), 0 error(s), 0 left on base; Newark 1 - Wilmington 0
TOP OF THE 4TH
Newark Bulldogs batting - Pitching for Wilmington Rebels : LHP Roberto Barrón
Batting: RHB Tony Long 0-0: Called Strike
0-1: Foul Ball, location: 2F
0-2: Foul Ball, location: 2F
0-2: Strikes out swinging
Batting: RHB Randy Simons 0-0: Ball
1-0: Called Strike
1-1: Called Strike
1-2: Foul Ball, location: 2F
1-2: Ball
2-2: Ball
3-2: Base on Balls
Batting: LHB Gabriel Aragón 0-0: Ball
Randy Simons is caught stealing 2nd base
1-0: Called Strike
1-1: Ball
2-1: Ball
3-1: Base on Balls
Batting: RHB Joe Baker 0-0: Called Strike
0-1: Called Strike
0-2: Ball
1-2: Strikes out swinging wild pitch, reaches first!
Gabriel Aragón to second
Batting: LHB Iván Vázquez 0-0: Called Strike
0-1: Ball
1-1: Foul Ball, location: 2F
1-2: Strikes out swinging
Top of the 4th over - 0 run(s), 0 hit(s), 0 error(s), 2 left on base; Newark 1 - Wilmington 0
BOTTOM OF THE 4TH
Wilmington Rebels batting - Pitching for Newark Bulldogs : RHP Gonzalo Benetti
Batting: RHB Remi Eruzione 0-0: Ball
1-0: Called Strike
1-1: SINGLE (Flyball, 7S)
Batting: RHB Eugene Allen 0-0: Ball
1-0: Ball
Throwing error on steal attempt, E2
Remi Eruzione to third
2-0: Called Strike
2-1: 2-RUN HOME RUN (Line Drive, 7D), Distance : 382 ft
Batting: RHB Al Reese 0-0: Called Strike
0-1: Called Strike
0-2: Foul Ball, location: 2F
0-2: Ball
1-2: Foul Ball, location: 2F
1-2: Foul Ball, location: 2F
1-2: Ball
2-2: Ball
3-2: SINGLE (Groundball, 56S) (infield hit)
Batting: RHB Jessie Thompson 0-0: Called Strike
0-1: Ball
1-1: Ball
2-1: Foul Ball, location: 2F
2-2: Hit by Pitch
Al Reese to second
Batting: RHB Sergio Moreno 0-0: Ball
1-0: Ball
2-0: Ball
3-0: Base on Balls
Al Reese to third
Jessie Thompson to second
Batting: RHB Henry Dawson 0-0: Swinging Strike
0-1: Called Strike
0-2: Ball
1-2: Foul Ball, location: 2F
1-2: Ball
2-2: Fly out, F2 (Popup, 34S)
Batting: RHB Andrew Deal 0-0: Ball
1-0: Ball
2-0: Called Strike
2-1: Ball
3-1: SINGLE (Groundball, 6MD)
Al Reese scores
Jessie Thompson to third
Sergio Moreno to second
Runner from 3rd tries for Home, SAFE, no throw
Batting: LHB Larry Smith 0-0: Foul Ball, location: 2F
0-1: Foul Ball, location: 2F
0-2: 3-RUN HOME RUN (Flyball, 89XD), Distance : 391 ft
Pitching: RHP José Gonzáles
Batting: LHB Jim Clemente 0-0: Swinging Strike
0-1: SOLO HOME RUN (Flyball, 78XD), Distance : 385 ft
Batting: RHB Remi Eruzione 0-0: Ball
1-0: Foul Ball, location: 2F
1-1: Ball
2-1: Ground out 5-3 (Groundball, 56)
Batting: RHB Eugene Allen 0-0: Called Strike
0-1: Fly out, F9 (Flyball, 89M)
Bottom of the 4th over - 8 run(s), 6 hit(s), 1 error(s), 0 left on base; Newark 1 - Wilmington 8
TOP OF THE 5TH
Newark Bulldogs batting - Pitching for Wilmington Rebels : LHP Roberto Barrón
Batting: LHB Wes Thompson 0-0: Ball
1-0: Fly out, F8 (Flyball, 8RM)
Batting: LHB John Clark 0-0: Called Strike
0-1: Foul Ball, location: 2F
0-2: Foul Ball, location: 2F
0-2: Strikes out looking
Batting: LHB Gerardo Guzmán 0-0: Foul Ball, location: 2F
0-1: Ball
1-1: Ball
2-1: Called Strike
2-2: Ground out 4-3 (Groundball, 4)
Top of the 5th over - 0 run(s), 0 hit(s), 0 error(s), 0 left on base; Newark 1 - Wilmington 8
BOTTOM OF THE 5TH
Wilmington Rebels batting - Pitching for Newark Bulldogs : RHP José Gonzáles
Batting: RHB Al Reese 0-0: Called Strike
0-1: Fly out, F9 (Flyball, 9LS)
Batting: RHB Jessie Thompson 0-0: Ball
1-0: Foul Ball, location: 2F
1-1: Swinging Strike
1-2: SINGLE (Line Drive, 8RS)
Batting: RHB Sergio Moreno 0-0: Ball
1-0: Ball
2-0: Swinging Strike
2-1: Ball
3-1: Fly out, F1 (Line Drive, 13)
Batting: RHB Henry Dawson 0-0: Ball
1-0: Ball
2-0: Called Strike
2-1: Ball
Jessie Thompson steals 2nd base
3-1: 2-RUN HOME RUN (Flyball, 7D), Distance : 370 ft
Pitching: RHP Jesús Salazar
Batting: RHB Andrew Deal 0-0: Called Strike
0-1: Reached on error, E3 (Groundball, 3D)
Batting: LHB Larry Smith 0-0: Ball
1-0: Foul Ball, location: 2F
1-1: Foul Ball, location: 2F
1-2: Ball
2-2: Ball
3-2: Ground out 5-3 (Groundball, 5S)
Bottom of the 5th over - 2 run(s), 2 hit(s), 1 error(s), 1 left on base; Newark 1 - Wilmington 10
TOP OF THE 6TH
Newark Bulldogs batting - Pitching for Wilmington Rebels : LHP Roberto Barrón
Batting: RHB Wilson Flores 0-0: SINGLE (Groundball, 6D)
Batting: RHB Tony Long 0-0: Foul Ball, location: 2F
0-1: Foul Ball, location: 2F
0-2: Ball
1-2: Fly out, F2 (Popup, 3S)
Batting: RHB Randy Simons 0-0: Ball
1-0: Ball
2-0: Foul Ball, location: 2F
2-1: Foul Ball, location: 2F
2-2: Ball
3-2: Base on Balls
Wilson Flores to second
Pitching: RHP Kip Brown
Batting: LHB Gabriel Aragón 0-0: Called Strike
0-1: Ball
1-1: Ground out 3-1 (Groundball, 34S)
Wilson Flores to third
Randy Simons to second
Batting: RHB Joe Baker 0-0: Ball
1-0: Foul Ball, location: 2F
1-1: Foul Ball, location: 2F
1-2: Strikes out swinging
Top of the 6th over - 0 run(s), 1 hit(s), 0 error(s), 2 left on base; Newark 1 - Wilmington 10
BOTTOM OF THE 6TH
Wilmington Rebels batting - Pitching for Newark Bulldogs : RHP Jesús Salazar
Batting: LHB Jim Clemente 0-0: Ball
1-0: Foul Ball, location: 2F
1-1: SOLO HOME RUN (Flyball, 9D), Distance : 392 ft
Batting: RHB Remi Eruzione 0-0: Foul Ball, location: 2F
0-1: Swinging Strike
0-2: Strikes out swinging
Batting: RHB Eugene Allen 0-0: Ball
1-0: Swinging Strike
1-1: Called Strike
1-2: Strikes out swinging
Batting: RHB Al Reese 0-0: Ground out 6-3 (Groundball, 6)
Bottom of the 6th over - 1 run(s), 1 hit(s), 0 error(s), 0 left on base; Newark 1 - Wilmington 11
TOP OF THE 7TH
Newark Bulldogs batting - Pitching for Wilmington Rebels : RHP Kip Brown
Batting: LHB Iván Vázquez 0-0: Ball
1-0: Ball
2-0: Ball
3-0: Called Strike
3-1: Swinging Strike
3-2: Fly out, F2 (Popup, 3S)
Batting: LHB Wes Thompson 0-0: Foul Ball, location: 2F
0-1: Foul Ball, location: 2F
0-2: Foul Ball, location: 2F
0-2: Foul Ball, location: 2F
0-2: Ball
1-2: Fly out, F9 (Flyball, 9D)
Batting: LHB John Clark 0-0: SINGLE (Groundball, 6D)
Batting: LHB Gerardo Guzmán 0-0: Called Strike
0-1: Foul Ball, location: 2F
0-2: Ball
1-2: Ball
2-2: Ball
3-2: Strikes out swinging
Top of the 7th over - 0 run(s), 1 hit(s), 0 error(s), 1 left on base; Newark 1 - Wilmington 11
BOTTOM OF THE 7TH
Wilmington Rebels batting - Pitching for Newark Bulldogs : RHP Jesús Salazar
Batting: RHB Jessie Thompson 0-0: Ball
1-0: Foul Ball, location: 2F
1-1: SINGLE (Groundball, 6MD)
Batting: RHB Sergio Moreno 0-0: Ball
1-0: Ball
2-0: Ball
3-0: Called Strike
3-1: Foul Ball, location: 2F
3-2: SINGLE (Flyball, 78S)
Jessie Thompson to second
Pitching: RHP Chris Johns
Pinch Hitting: RHB Carlos Ordóńez 0-0: Ball
1-0: Foul Ball, location: 2F
1-1: Ball
2-1: Ball
3-1: Foul Ball, location: 2F
3-2: Foul Ball, location: 2F
3-2: Foul Ball, location: 2F
3-2: Grounds into double play, 3-6-4 (Groundball, 34)
Jessie Thompson to third
Batting: RHB Andrew Deal 0-0: Called Strike
0-1: Called Strike
0-2: Strikes out swinging
Bottom of the 7th over - 0 run(s), 2 hit(s), 0 error(s), 1 left on base; Newark 1 - Wilmington 11
TOP OF THE 8TH
Newark Bulldogs batting - Pitching for Wilmington Rebels : RHP Kip Brown
Now at SS: Anastasio Movonda
Batting: RHB Wilson Flores 0-0: Called Strike
0-1: Called Strike
0-2: Foul Ball, location: 2F
0-2: Ball
1-2: SINGLE (Groundball, 56D)
Batting: RHB Tony Long 0-0: Called Strike
0-1: Foul Ball, location: 2F
0-2: Ball
1-2: Strikes out swinging
Batting: RHB Randy Simons 0-0: Called Strike
0-1: Grounds into double play, 5-4-3 (Groundball, 5)
Top of the 8th over - 0 run(s), 1 hit(s), 0 error(s), 0 left on base; Newark 1 - Wilmington 11
BOTTOM OF THE 8TH
Wilmington Rebels batting - Pitching for Newark Bulldogs : RHP Chris Johns
Batting: LHB Larry Smith 0-0: Hit by Pitch
Batting: LHB Jim Clemente 0-0: Foul Ball, location: 2F
0-1: Ball
1-1: Ball
2-1: Foul Ball, location: 2F
2-2: DOUBLE (Line Drive, 9LM)
Larry Smith to third
Runner from 3rd tries for Home, SAFE, no throw
Batting: RHB Remi Eruzione 0-0: Called Strike
0-1: Swinging Strike
0-2: Ball
1-2: Strikes out looking
Batting: RHB Eugene Allen 0-0: Ball
1-0: Ball
2-0: Ball
3-0: Called Strike
3-1: Reached on error, E5 (Groundball, 5L)
Jim Clemente scores
Batting: RHB Al Reese 0-0: Ball
1-0: Ball
2-0: Ball
3-0: Called Strike
3-1: Called Strike
3-2: Fly out, F2 (Popup, 2R)
Batting: RHB Jessie Thompson 0-0: Ball
1-0: Called Strike
1-1: Ground out 4-3 (Groundball, 4M)
Bottom of the 8th over - 2 run(s), 1 hit(s), 1 error(s), 1 left on base; Newark 1 - Wilmington 13
TOP OF THE 9TH
Newark Bulldogs batting - Pitching for Wilmington Rebels : RHP Kip Brown
Batting: LHB Gabriel Aragón 0-0: Foul Ball, location: 2F
0-1: Foul Ball, location: 2F
0-2: DOUBLE (Line Drive, 78M)
Batting: RHB Joe Baker 0-0: Called Strike
0-1: Ball
1-1: Ball
2-1: Swinging Strike
2-2: Foul Ball, location: 2F
2-2: Strikes out swinging
Pinch Hitting: RHB Emílio Salas 0-0: Ball
1-0: Fly out, F1 (Line Drive, 15)
Batting: LHB Wes Thompson 0-0: Foul Ball, location: 2F
0-1: Foul Ball, location: 2F
0-2: Ball
1-2: Ball
2-2: Strikes out looking
Top of the 9th over - 0 run(s), 1 hit(s), 0 error(s), 1 left on base; Newark 1 - Wilmington 13
Tuesday, August 8th, 2017 - OOTP Baseball 17.12 Build 75